 Dungeon Crawl Stone Soup version 0.21.0-3-g78d12a8bdd (webtiles) character file.

40 Anaz the Cudgeler (level 3, -7/27 HPs)
             Began as a Human Skald on Jan 9, 2018.
             Killed by nerve-wracking pain
             ... invoked by a shadow imp
             ... summoned by Natasha
              (13 damage)
             ... on level 2 of the Dungeon.
             The game lasted 00:12:19 (1762 turns).

Anaz the Cudgeler (Human Skald)                     Turns: 1762, Time: 00:12:20

Health: -7/27      AC:  4    Str: 11    XL:     3   Next: 72%
Magic:  6/6        EV: 12    Int: 14    God:
Gold:   53         SH:  0    Dex: 12    Spells: 0/6 levels left

rFire    . . .     SeeInvis .   a - +0 mace
rCold    . . .     Gourm    .   (no shield)
rNeg     . . .     Faith    .   b - +0 leather armour
rPois    +         Spirit   .   (no helmet)
rElec    .         Reflect  .   (no cloak)
rCorr    +         Harm     .   (no gloves)
MR       .....                  n - +0 pair of boots
Stlth    +.........             (no amulet)
HPRegen  0.09/turn              e - ring of poison resistance
MPRegen  0.10/turn              g - ring of resist corrosion

@: no status effects
A: no striking features
a: no special abilities


You were on level 2 of the Dungeon.
You were not hungry.

You visited 1 branch of the dungeon, and saw 2 of its levels.

You collected 53 gold pieces.

Inventory:

Hand Weapons
 a - a +0 mace (weapon)
Armour
 b - a +0 leather armour (worn)
 j - a +0 ring mail
 n - a +0 pair of boots (worn)
Jewellery
 e - a ring of poison resistance (left hand)
 g - a ring of resist corrosion (right hand)
Scrolls
 f - 2 scrolls of identify {unknown}
 h - a scroll of magic mapping {unknown}
 k - a scroll of enchant armour {unknown}
 m - a scroll of immolation {unknown}
Books
 c - a book of Battle

   Spells                             Type                      Level
   a - Infusion                       Charms                       1
   b - Shroud of Golubria             Charms/Translocation         2
   c - Song of Slaying                Charms                       2
   d - Spectral Weapon                Hexes/Charms                 3
   e - Regeneration                   Charms/Necromancy            3
Comestibles
 d - 3 rations


   Skills:
 - Level 2.0 Fighting
 + Level 3.8 Maces & Flails
 - Level 1.0 Armour
 - Level 2.0 Dodging
 - Level 2.0 Spellcasting
 - Level 3.0 Charms


You couldn't memorise any spells.
You knew the following spells:

 Your Spells              Type           Power        Failure   Level  Hunger
a - Infusion              Chrm           #...         9%          1    ##.....
b - Shroud of Golubria    Chrm/Tloc      #.........   26%         2    ###....
c - Spectral Weapon       Hex/Chrm       #.......     45%         3    ####...


Dungeon Overview and Level Annotations

Branches:
Dungeon (2/15)

Altars:
Trog

Annotations:
D:2 Natasha


Message History

The white imp disappears for a moment.
The white imp gestures at you. The puff of frost hits you!
* * * LOW HITPOINT WARNING * * *
Natasha mumbles some strange words.
Unknown command.
It was a potion of brilliance.
You feel clever all of a sudden.
Natasha mumbles some strange words.
It was a potion of cancellation.
Your magical effects are unravelling.
You feel magically purged.
You feel a little less clever now.
The shadow imp shouts, "Slither away, thou skyhacking earth-vexing wagtail!"
The crimson imp blinks!
The shadow imp closely misses you.
Unknown command.
The shadow imp gestures at you. Pain shoots through your body!
You die...

.....# #.##...........# .....#
#.##...........#
#'###########.##...........#
#.#<..........##...........#
#.##############...........#
#.##...........'.............
#.##.###########.............
#.##.#............h........ .
.(..............@.5........ ..
#.....#########.#.#...#### ...
#.....'....# #.#.#...# ....
......####.####.#.#).5######'#..#
................................#
..###.####.####.#.#####......##.#
..# #.# #.####.#.# #..........
..# #.# #......#.# #....?.##..
..# #.# ######.#'#####..........


You could see Natasha and a shadow imp.

Vanquished Creatures
  An adder (D:2)
  A leopard gecko (D:1)
  6 bats (D:1)
  A giant cockroach (D:2)
  4 hobgoblins (D:1)
  A kobold (D:1)
  A ball python (D:1)
  3 frilled lizards (D:1)
  6 goblins
  6 rats
30 creatures vanquished.

Notes
Turn   | Place    | Note
-------+----------+-------------------------------------------
     0 | D:1      | Anaz the Human Skald began the quest for the Orb.
     0 | D:1      | Reached XP level 1. HP: 16/16 MP: 3/3
   295 | D:1      | Reached XP level 2. HP: 22/22 MP: 5/5
   850 | D:1      | Reached XP level 3. HP: 25/27 MP: 6/6
   854 | D:1      | Learned a level 2 spell: Shroud of Golubria
   858 | D:1      | Learned a level 3 spell: Spectral Weapon
  1539 | D:2      | Found a bloodstained altar of Trog.
  1747 | D:2      | Noticed Natasha
  1762 | D:2      | Killed from afar by a shadow imp

Skill      XL: |  1  2 |
---------------+-------+-----
Maces & Flails | 3 |  3.8
Fighting       | |  2.0
Armour         | |  1.0
Dodging        | |  2.0
Spellcasting   | |  2.0
Charms         | |  3.0

Action                   || total
-------------------------++-------
Melee: Mace              ||    84
       Unarmed           ||    12
 Cast: Spectral Weapon   ||     1
  Use: Potion            ||     2
  Eat: Chunk             ||     3
Armor: Leather armour    ||    30
Dodge: Dodged            ||    85
